 Dungeon Crawl Stone Soup version 0.27.1-4-g1640c2035a (webtiles) character file.

Game seed: 5862798740292185160

151 jjjjhere the Charlatan (level 5, 0/41 HPs)
             Began as a Gnoll Artificer on Nov 9, 2021.
             Slain by a centaur (3 damage)
             ... on level 3 of the Dungeon.
             The game lasted 00:05:10 (2685 turns).

jjjjhere the Charlatan (Gnoll Artificer)            Turns: 2685, Time: 00:05:11

Health: 0/41       AC: 10    Str: 12    XL:     5   Next: 33%
Magic:  7/7        EV:  6    Int: 10    God:
Gold:   99         SH:  0    Dex: 13    Spells: 6/6 levels left

rFire    . . .     SeeInvis .   i - +0 short sword (drain)
rCold    . . .     Faith    +   (no shield)
rNeg     . . .     Spirit   .   k - +0 chain mail
rPois    .         Reflect  .   h - +0 helmet
rElec    .         Harm     .   (no cloak)
rCorr    .         Rampage  .   (no gloves)
Will     .....                  (no boots)
Stlth    ..........             m - amulet of faith
HPRegen  0.13/turn              (no ring)
MPRegen  0.10/turn              (no ring)

@: no status effects
A: fangs 1, strong nose, distributed training
a: no special abilities


You were on level 3 of the Dungeon.
You visited 1 branch of the dungeon, and saw 3 of its levels.

You collected 99 gold pieces.

Inventory:

Hand Weapons
 a - a +0 club
 g - a +0 dagger
 i - a +0 short sword of draining (weapon)
Missiles
 j - 2 silver javelins
 v - 5 poisoned darts
Armour
 f - a +0 ring mail
 h - a +0 helmet (worn)
 k - a +0 chain mail (worn)
Jewellery
 m - an amulet of faith (around neck)
Wands
 c - a wand of flame (5) (quivered)
 d - a wand of charming (13)
Scrolls
 b - a scroll of noise {unknown}
 o - 2 scrolls of identify {unknown}
 q - a scroll of acquirement {unknown}
 s - a scroll of enchant armour {unknown}
 t - a scroll of teleportation {unknown}
 w - 3 scrolls of summoning {unknown}
 x - a scroll of amnesia {unknown}
Potions
 l - a potion of mutation {unknown}
 n - a potion of brilliance {unknown}
 p - a potion of flight {unknown}
 r - a potion of heal wounds {unknown}
 u - 5 potions of curing {unknown}
 z - a potion of invisibility {unknown}
Miscellaneous
 e - a piece from Xom's chessboard (13/15)


   Skills:
 + Level 3.0 Fighting
 + Level 1.4 Short Blades
 + Level 1.4 Long Blades
 + Level 1.4 Axes
 + Level 1.4 Maces & Flails
 + Level 1.4 Polearms
 + Level 1.4 Staves
 + Level 1.4 Slings
 + Level 1.4 Bows
 + Level 1.4 Crossbows
 + Level 1.4 Throwing
 + Level 4.8 Armour
 + Level 3.0 Dodging
 + Level 2.7 Stealth
 + Level 1.4 Shields
 + Level 1.4 Unarmed Combat
 + Level 1.4 Spellcasting
 + Level 1.1 Conjurations
 + Level 1.1 Hexes
 + Level 1.1 Summonings
 + Level 1.1 Necromancy
 + Level 1.1 Translocations
 + Level 1.1 Transmutations
 + Level 1.1 Fire Magic
 + Level 1.1 Ice Magic
 + Level 1.1 Air Magic
 + Level 1.1 Earth Magic
 + Level 1.1 Poison Magic
 + Level 1.6 Invocations
 + Level 6.7 Evocations


You had 6 spell levels left.
You didn't know any spells.
Your spell library contained the following spells:

 Spells                   Type           Power      Damage    Failure   Level
 Dazzling Flash           Conj/Hex       6%         N/A       100%        3
 Agony                    Necr           3%         N/A       100%        5
 Silence                  Hex/Air        1%         N/A       100%        5


Dungeon Overview and Level Annotations

Branches:
Dungeon (3/15)

Altars:
Xom

Shops:
D:3 :


Innate Abilities, Weirdness & Mutations

You have very sharp teeth.
Your uncanny sense of smell can sniff out nearby items.
Your experience applies equally to all skills.


Message History

The centaur kicks you.
You hit the centaur.
The centaur is moderately wounded.
The centaur hits you but does no damage.
The centaur kicks you but does no damage.
The centaur hits you.
The centaur kicks you but does no damage.
You hit the centaur.
The centaur is heavily wounded.
The centaur stops glowing.
The centaur hits you.
The centaur kicks you but does no damage.
The quokka bites you but does no damage.
You hit the centaur but do no damage.
The centaur is heavily wounded.
The centaur hits you but does no damage.
The centaur kicks you but does no damage.
The centaur barely misses you.
The centaur kicks you but does no damage.
The quokka bites you but does no damage.
You hit the centaur.
The centaur is severely wounded.
The centaur hits you.
* * * LOW HITPOINT WARNING * * *
The centaur kicks you but does no damage.
The quokka barely misses you. The centaur completely misses you.
The centaur kicks you.
* * * LOW HITPOINT WARNING * * *
You hit the centaur.
The centaur is almost dead.
The quokka bites you but does no damage.
The centaur hits you but does no damage.
The centaur barely misses you.
You completely miss the centaur.
The centaur is almost dead.
The centaur hits you.
* * * LOW HITPOINT WARNING * * *
The centaur barely misses you.
The quokka bites you but does no damage.
The centaur hits you.
You die...

######## #.# ######
#.# ...... ##### #.#
....).###...# #.#
...........# #.#
#.........# #.#
#.........# #.#
###...r.....########.#
......c@....(........#
###..[...#############
#......# #......#
########


You could see a centaur and a quokka.

Vanquished Creatures
  4 gnolls
  3 adders (D:3)
  A worm (D:2)
  5 dart slugs
  4 orcs (D:3)
  3 endoplasms
  4 giant cockroaches
  3 goblins
  9 hobgoblins
  7 jackals
  2 quokkas
  3 ball pythons
  5 bats
  4 frilled lizards
  8 kobolds
  3 rats
68 creatures vanquished.

Notes
Turn   | Place    | Note
-------+----------+-------------------------------------------
     0 | D:1      | jjjjhere the Gnoll Artificer began the quest for the Orb.
     0 | D:1      | Reached XP level 1. HP: 17/17 MP: 1/1
   315 | D:1      | Reached XP level 2. HP: 22/22 MP: 2/2
   903 | D:2      | Found a shimmering altar of Xom.
   939 | D:1      | Reached XP level 3. HP: 21/28 MP: 2/4
  1124 | D:2      | Reached skill level 1 in Invocations
  1209 | D:2      | Reached skill level 1 in Short Blades
  1209 | D:2      | Reached skill level 1 in Long Blades
  1209 | D:2      | Reached skill level 1 in Axes
  1209 | D:2      | Reached skill level 1 in Maces & Flails
  1209 | D:2      | Reached skill level 1 in Polearms
  1209 | D:2      | Reached skill level 1 in Staves
  1209 | D:2      | Reached skill level 1 in Slings
  1209 | D:2      | Reached skill level 1 in Bows
  1209 | D:2      | Reached skill level 1 in Crossbows
  1209 | D:2      | Reached skill level 1 in Throwing
  1209 | D:2      | Reached skill level 1 in Shields
  1209 | D:2      | Reached skill level 1 in Unarmed Combat
  1209 | D:2      | Reached skill level 1 in Spellcasting
  1221 | D:2      | HP: 6/28 [gnoll (4)]
  1228 | D:1      | HP: 2/28 [gnoll (5)]
  1562 | D:1      | Reached XP level 4. HP: 34/34 MP: 5/5
  1746 | D:2      | Reached skill level 1 in Conjurations
  1746 | D:2      | Reached skill level 1 in Hexes
  1746 | D:2      | Reached skill level 1 in Summonings
  1746 | D:2      | Reached skill level 1 in Necromancy
  1746 | D:2      | Reached skill level 1 in Translocations
  1746 | D:2      | Reached skill level 1 in Transmutations
  1746 | D:2      | Reached skill level 1 in Fire Magic
  1746 | D:2      | Reached skill level 1 in Ice Magic
  1746 | D:2      | Reached skill level 1 in Air Magic
  1746 | D:2      | Reached skill level 1 in Earth Magic
  1746 | D:2      | Reached skill level 1 in Poison Magic
  2164 | D:3      | Reached XP level 5. HP: 40/40 MP: 6/6
  2250 | D:3      | Found Wophex's Book Shop.
  2671 | D:3      | Noticed a centaur
  2681 | D:3      | HP: 13/41 [centaur (1)]
  2685 | D:3      | HP: 3/41 [centaur (6)]
  2685 | D:3      | Slain by a centaur

Illustrated notes

Levels and vault maps discovered:
D:1:      mrwooster_arrival_statue_3, layout_loops_cross
D:2:      layout_basic, basic_altar, minmay_misc_feat_roman,
          minmay_misc_feat_doors
D:3:      layout_basic, serial_shops, shop

Skill      XL: |  1  2  3  4  5 |
---------------+----------------+-----
Invocations    | 1 |  1.6
Short Blades   | 1 |  1.4
Long Blades    | 1 |  1.4
Axes           | 1 |  1.4
Maces & Flails | 1 |  1.4
Polearms       | 1 |  1.4
Staves         | 1 |  1.4
Slings         | 1 |  1.4
Bows           | 1 |  1.4
Crossbows      | 1 |  1.4
Throwing       | 1 |  1.4
Shields        | 1 |  1.4
Unarmed Combat | 1 |  1.4
Spellcasting   | 1 |  1.4
Conjurations   | 1 |  1.1
Hexes          | 1 |  1.1
Summonings     | 1 |  1.1
Necromancy     | 1 |  1.1
Translocations | 1 |  1.1
Transmutations | 1 |  1.1
Fire Magic     | 1 |  1.1
Ice Magic      | 1 |  1.1
Air Magic      | 1 |  1.1
Earth Magic    | 1 |  1.1
Poison Magic   | 1 |  1.1
Fighting       | 3 |  3.0
Dodging        | 3 |  3.0
Armour         | |  4.8
Stealth        | |  2.7
Evocations     | |  6.7

Action                   |  1- 3 |  4- 6 || total
-------------------------+-------+-------++-------
Melee: Club              |    19 |       ||    19
       Short sword       |    93 |   118 ||   211
       Bite              |    11 |     8 ||    19
       Dagger            |     3 |       ||     3
Evoke: Wand              |     5 |     7 ||    12
       Piece from Xom's  |       |     2 ||     2
Armor: Ring mail         |    16 |       ||    16
       Chain mail        |    57 |    86 ||   143
Dodge: Dodged            |    42 |    39 ||    81
